Map: Lerilak Crest

Players

LilDicky

  • Race: Zerg Zerg
  • League: Diamond

Yuri - Winner!

  • Race: Terran Terran
  • League: Silver

VOD

http://www.twitch.tv/tumescentpie

Description

Time

  • Played on: Dec. 23, 2015, 9:07 p.m.
  • Length: 14:16
Show
View Real Time Build Order
Export as new Build Order

LilDicky Zerg 

Build Orders: Hatch First 

Get SALT Encoding   

  12  0:06  Drone  
  13  0:11  Drone  
  14  0:17  Extractor  
  14  0:18  Drone  
  15  0:24  Overlord  
  15  0:57  Hatchery  
  15  1:00  Drone  
  15  1:01  Drone x2  
  17  1:19  Spawning Pool  
  17  1:22  Drone  
  17  2:04  Extractor  
  17  2:05  Extractor  
  15  2:10  Drone x3, Queen  
  15  2:14  Queen  
  15  2:15  Hatchery  
  21  2:34  Drone x2  
  21  2:35  Drone x2  
  25  2:46  Spine Crawler  
  24  2:52  Overlord  
  24  3:00  Drone  
  24  3:01  Drone  
  24  3:03  Drone  
  27  3:14  Queen  
  29  3:23  Drone  
  29  3:24  Drone x2  
  32  3:31  Overlord  
  32  3:34  Drone  
  33  3:56  Queen  
  33  3:59  Lair  
  35  4:18  Spore Crawler  
  34  4:25  Spore Crawler, Drone  
  34  4:26  Drone x8  
  34  4:29  Overlord  
  42  5:01  Queen  
  42  5:02  Queen  
  42  5:03  Queen  
  42  5:06  Drone  
  42  5:07  Drone  
  50  5:08  Overlord x2  
  50  5:34  Drone, Spine Crawler  
  50  5:35  Drone x5  
  55  5:52  Infestation Pit  
  55  5:55  Evolution Chamber  
  55  5:56  Evolution Chamber  
  52  5:58  Spore Crawler, Spine Crawler  
  50  6:25  Overlord  
  50  6:36  Hive  
  50  6:38  Zerg Ground Armor Level 1, Zerg Melee Weapons Level 1  
  48  6:45  Zergling x8  
  48  6:46  Zergling x6  
  55  6:47  Zergling x22  
  47  7:28  Zergling x28  
  47  7:29  Zergling x6  
  59  7:38  Queen  
  62  7:53  Spine Crawler  
  62  7:54  Spine Crawler  
  62  7:55  Spine Crawler  
  50  7:58  Hatchery  
  47  8:10  Ultralisk Cavern  
  46  8:26  Lair  
  44  8:37  Drone x2  
  33  9:00  Ultralisk x3  
  33  9:01  Ultralisk  
  33  9:02  Overlord x2  
  52  9:12  Spine Crawler x2  
  44  9:48  Drone x3  
  44  9:49  Drone x5  
  50  10:25  Spire, Extractor  
  50  10:26  Extractor  
  47  11:08  Extractor  
  47  11:09  Extractor  
  45  11:11  Drone  
  45  11:12  Drone x12  
  40  12:05  Spine Crawler  
  40  12:06  Spine Crawler x2  
  31  12:08  Spine Crawler  
  30  12:16  Ultralisk  
  30  12:17  Zergling x2  
  30  12:18  Zergling x26  
  50  12:27  Spine Crawler  
  49  12:34  Corruptor  
  49  12:45  Queen  
  48  13:09  Spawning Pool  
  32  13:43  Drone x7  
  32  13:44  Evolution Chamber  
  38  14:00  Drone x3  
Show
View Real Time Build Order
Export as new Build Order

Yuri Terran - Winner!

Build Orders: Liberator Opening, Reaper Expand, MMM Bio 

Get SALT Encoding   

  12  0:02  SCV  
  13  0:14  SCV  
  13  0:18  Supply Depot  
  14  0:27  SCV  
  15  0:40  SCV  
  15  0:42  Barracks  
  16  0:52  SCV, Refinery  
  17  1:04  SCV  
  18  1:17  SCV  
  19  1:30  Supply Depot  
  19  1:31  Orbital Command  
  19  1:35  Reaper  
  19  1:39  Refinery  
  20  1:56  Command Center  
  20  1:59  SCV  
  21  2:13  Factory  
  21  2:14  SCV  
  22  2:17  Marine  
  23  2:26  SCV  
  24  2:38  Supply Depot, SCV  
  25  2:44  Barracks Tech Lab  
  25  2:51  SCV  
  25  2:53  Barracks  
  25  2:57  Widow Mine  
  28  3:01  Starport  
  28  3:03  SCV  
  29  3:06  Marine  
  30  3:14  Orbital Command  
  30  3:19  SCV  
  31  3:22  Liberator  
  31  3:27  Marine  
  31  3:31  SCV  
  36  3:42  Refinery  
  36  3:44  SCV  
  36  3:46  Refinery  
  36  3:57  Marine  
  36  3:58  Marine  
  36  3:59  SCV x2  
  40  4:07  Starport  
  40  4:11  Stimpack  
  40  4:14  SCV x2  
  40  4:15  Marine x2  
  44  4:26  SCV x2, Medivac  
  44  4:30  Supply Depot  
  48  4:34  Hellion  
  48  4:36  Marine  
  51  4:38  Barracks Tech Lab  
  51  4:44  Medivac  
  53  4:46  Barracks  
  53  4:47  SCV  
  53  4:52  SCV  
  55  4:55  Supply Depot  
  55  5:03  SCV, Marine x2  
  55  5:04  SCV  
  59  5:12  Engineering Bay  
  59  5:14  Engineering Bay  
  59  5:15  SCV  
  59  5:16  SCV  
  59  5:17  Starport Reactor  
  59  5:18  Medivac  
  63  5:29  SCV  
  63  5:30  SCV, Marine x2  
  67  5:41  Marine  
  67  5:42  SCV x2  
  70  5:46  Barracks  
  70  5:47  Terran Infantry Weapons Level 1, Terran Infantry Armor Level 1  
  70  5:50  Marine x2  
  70  6:02  Supply Depot  
  70  6:04  Supply Depot  
  70  6:07  Supply Depot  
  70  6:08  Armory  
  70  6:09  Starport Reactor  
  70  6:10  Concussive Shells  
  70  6:12  Combat Shields  
  70  6:23  SCV x2, Marine x3  
  75  6:28  Supply Depot  
  75  6:36  SCV x2  
  77  6:41  Marine  
  77  6:45  Marine x3  
  81  6:48  SCV  
  81  6:57  SCV  
  81  6:59  Marine  
  81  7:00  SCV  
  84  7:03  Marine  
  83  7:12  Marine x2  
  84  7:17  Marine  
  84  7:20  Marine  
  80  7:29  SCV x2  
  81  7:30  Marine x2  
  81  7:34  Marine  
  84  7:38  Marine  
  84  7:40  Barracks  
  84  7:41  SCV x2  
  84  7:42  Barracks x2  
  87  7:45  Liberator x2  
  87  7:47  Marine  
  87  7:48  Marine  
  88  7:54  Marine  
  88  7:56  Marine  
  88  7:58  Medivac x2  
  94  7:59  SCV x2  
  102  8:23  Command Center  
  102  8:32  Barracks  
  102  8:34  Barracks  
  102  8:35  Command Center, Supply Depot  
  102  8:37  Supply Depot, Terran Infantry Weapons Level 2  
  102  8:41  Supply Depot x2  
  102  8:56  SCV, Marine x4  
  100  9:14  Marine x4  
  100  9:16  SCV  
  100  9:17  SCV  
  104  9:32  Marine x4  
  90  9:50  Marine x4  
  93  9:54  Marine x2  
  95  10:07  Marine x2  
  95  10:08  Marauder x2  
  95  10:11  Medivac x3  
  95  10:12  SCV x2, Marine x2, Medivac  
  95  10:13  SCV  
  100  10:29  Marauder x2  
  100  10:32  Barracks Tech Lab x2  
  100  10:33  Barracks Tech Lab x2  
  95  10:51  Marauder x2  
  95  10:52  Refinery  
  95  10:53  Refinery  
  95  11:00  Marauder x4  
  99  11:12  Marauder x2  
  98  11:22  Marine x2  
  98  11:23  Medivac, Marauder x2  
  98  11:24  Medivac x3  
  98  11:25  SCV x2  
  113  11:34  Marauder x2  
  112  11:41  Marauder x2  
  112  11:44  Marauder  
  112  11:45  Marauder  
  119  11:55  Marauder x2, Medivac  
  119  11:56  SCV  
  126  12:01  Marine  
  126  12:02  Marauder  
  126  12:06  Marauder x2  
  133  12:09  Planetary Fortress  
  133  12:22  Marine  
  133  12:23  Marine x2  
  133  12:48  Marine, Marauder x3  
  140  13:02  SCV  
  141  13:14  Orbital Command  
  141  13:24  Orbital Command  
  141  13:36  SCV  
  142  13:42  Marine x4  
  142  13:43  Marauder  
  142  13:45  SCV  
Tags
 
Add a new tag
Caveats
  • Supply blocks, unpowered buildings, or Contaminate may cause inaccurate times.
  • Supply counts are checked every 10 seconds.